 Dungeon Crawl Stone Soup version 0.30-a0-808-g6e0788376e (webtiles) character file.

Game seed: 11969232515112212948

684 cforsyth the Sneak (level 7, -3/39 HPs)
             Began as a Kobold Brigand on Feb 26, 2023.
             Was a Follower of Hepliaklqana.
             Succumbed to a gnoll sergeant's poison
             ... on level 5 of the Dungeon.
             The game lasted 00:03:52 (4808 turns).

cforsyth the Sneak (Kobold Brigand)                 Turns: 4808, Time: 00:03:53

Health: -3/39      AC:  8    Str:  9    XL:     7   Next: 93%
Magic:  7/7        EV: 17    Int: 12    God:    Hepliaklqana [*.....]
Gold:   324        SH:  0    Dex: 18    Spells: 6/6 levels left

rFire   . . .      SeeInvis .    n - +1 dagger (venom)
rCold   . . .      Faith    .    (no shield)
rNeg    . . .      Spirit   .    b - +0 robe
rPois   .          Reflect  .    (no helmet)
rElec   .          Harm     .    p - +2 cloak
rCorr   .          Rampage  .    (no gloves)
Will    .....                    t - +2 pair of boots
Stlth   +++++                    (no amulet)
HPRegen 0.26/turn                (no ring)
MPRegen 0.10/turn                (no ring)

@: lethally poisoned (-3 -> -29)
A: reduced essence, small, no large weapons, nightstalker 3
a: Renounce Religion, Recall Ancestor, Ancestor Identity


You were on level 5 of the Dungeon.
You worshipped Hepliaklqana.
Hepliaklqana was aware of your devotion.
You visited 2 branches of the dungeon, and saw 6 of its levels.

You collected 324 gold pieces.

Inventory:

Hand Weapons
 a - a +2 dagger
 n - a +1 dagger of venom (weapon)
Missiles
 d - 9 poisoned darts (quivered)
 e - 3 curare-tipped darts
 w - 4 atropa-tipped darts
Armour
 b - a +0 robe (worn)
 c - a +0 cloak
 p - a +2 cloak (worn)
 t - a +2 pair of boots (worn)
Jewellery
 m - a +6 ring of dexterity
Wands
 x - a wand of digging (6)
 B - a wand of polymorph (7)
Scrolls
 h - a scroll of magic mapping {unknown}
 j - 5 scrolls of identify {unknown}
 l - 2 scrolls of teleportation {unknown}
 o - a scroll of torment {unknown}
 s - 3 scrolls of vulnerability {unknown}
 u - a scroll of noise {unknown}
 v - a scroll of silence {unknown}
 y - a scroll of fog {unknown}
 z - 2 scrolls of blinking {unknown}
 C - a scroll of poison {unknown}
 D - 2 scrolls of enchant weapon {unknown}
 E - a scroll of fear {unknown}
Potions
 f - a potion of flight
 g - a potion of heal wounds
 i - a potion of curing {unknown}
 k - 3 potions of attraction {unknown}
 q - 2 potions of haste {unknown}
 r - a potion of mutation {unknown}
 A - a potion of resistance {unknown}


   Skills:
 + Level 4.8 Fighting
 + Level 5.8 Short Blades
 - Level 2.1 Throwing
 + Level 4.8 Dodging
 + Level 7.9 Stealth


You had 6 spell levels left.
You didn't know any spells.
Your spell library contained the following spells:

 Spells                   Type           Power      Damage    Failure   Level
 Necrotise                Necr           0%         1d4       32%         1
 Sandblast                Erth           0%         2d4       32%         1
 Passwall                 Tmut/Erth      0%         N/A       45%         2
 Stone Arrow              Conj/Erth      0%         3d7       69%         3
 Vampiric Draining        Necr           0%         2d6       69%         3
 Agony                    Necr           0%         N/A       100%        5
 Summon Forest            Summ/Tloc      0%         N/A       100%        5
 Summon Mana Viper        Hex/Summ       0%         N/A       100%        5
 Summon Cactus Giant      Summ           0%         N/A       100%        6


Dungeon Overview and Level Annotations

Branches:
Dungeon (5/15)             Temple (1/1) D:5

Altars:
Elyvilon
Gozag
Hepliaklqana
Kikubaaqudgha
Nemelex Xobeh
Trog
Vehumet
Yredelemnul

Annotations:
D:4 3 runed translucent doors, Pikel


Innate Abilities, Weirdness & Mutations

Your life essence is reduced to manifest your ancestor. (-10% HP)
You are small and have problems with some larger weapons.
You are completely attuned to the shadows.


Message History

There are monsters nearby!
There are monsters nearby!
There are monsters nearby!
There are monsters nearby!
The gnoll shouts! x4
The gnoll sergeant hits you from afar with a +1 spear of venom.
You are poisoned.
The gnoll completely misses you.
There is an open door, spattered with blood here.
You barely miss the gnoll.
You feel very sick.
The gnoll sergeant hits you from afar with a +1 spear of venom.
The gnoll misses you. The gnoll barely misses you. x2
The gnoll completely misses you.
You barely miss the gnoll.
You feel sick.
You hit the gnoll.
The gnoll is poisoned.
The gnoll is lightly wounded.
You feel sick.
The gnoll sergeant hits you from afar with a +1 spear of venom.
You are more poisoned.
The gnoll hits you with a +0 whip. The gnoll completely misses you.
The gnoll hits you but does no damage. The gnoll closely misses you.
You hit the gnoll but do no damage.
The gnoll is lightly wounded.
You feel very sick.
The gnoll sergeant hits you from afar with a +1 spear of venom!
* * * LOW HITPOINT WARNING * * *
You are more poisoned.
The gnoll closely misses you. The gnoll misses you. x2
The gnoll completely misses you.
You are too injured to fight recklessly!
You are too injured to fight recklessly!
You are too injured to fight recklessly!
You are too injured to fight recklessly!
You are too injured to fight recklessly!
You swap places.
* * * LOW HITPOINT WARNING * * *
You feel extremely sick.
Septima hits the gnoll!
The gnoll hits Septima with a +0 whip.
You die...

##.≈≈≈≈≈≈≈≈≈#....##.....
###..≈##≈≈≈##≈##...#####..
#....≈#######≈##...## ##..
##...≈≈#.[.#≈≈ ##...###...
##...≈≈#gg.#≈≈ #.........
##....≈≈#ggg#≈≈###........#
#.##..≈###R###≈.#.........#
####..≈##≈.≈##≈...........#
##.≈≈≈≈@≈≈≈≈##.........#
#.......### ##.........
##......# #..###....
##.......# ##.## ##...
##.###....# #.## #...
##.###.....#####.# #...
#.###..###.......# #....
##...### #..###..####..#..
##..# ##.# ##.....


You could see the friendly Septima the ancestor, a gnoll sergeant and 4 gnolls.

Vanquished Creatures
  A water moccasin (D:5)
  2 ogres (D:4)
  2 lemures (D:4)
  A necrophage (D:5)
  A scorpion (D:5)
  A howler monkey (D:4)
  An orc priest (D:3)
  A gnoll bouda (D:3)
  2 iguanas
  5 gnolls
  3 adders
  2 dart slugs
  4 orcs
  6 endoplasms
  A giant cockroach (D:3)
  9 goblins
  7 hobgoblins
  4 jackals (D:1)
  8 kobolds
  2 quokkas (D:3)
  3 ball pythons
  3 bats
  13 frilled lizards
  4 rats
86 creatures vanquished.

Vanquished Creatures (others)
  7 plants (D:4)
7 creatures vanquished.

Grand Total: 93 creatures vanquished

Notes
Turn   | Place    | Note
-------+----------+-------------------------------------------
     0 | D:1      | cforsyth the Kobold Brigand began the quest for the Orb.
     0 | D:1      | Reached XP level 1. HP: 12/12 MP: 1/1
   204 | D:1      | Reached XP level 2. HP: 13/18 MP: 2/2
   598 | D:2      | Reached XP level 3. HP: 22/22 MP: 3/3
  1226 | D:2      | Reached XP level 4. HP: 27/27 MP: 4/4
  1302 | D:3      | Reached skill level 6 in Stealth
  1364 | D:3      | Reached XP level 5. HP: 26/32 MP: 5/5
  1798 | D:3      | Found a faded altar of an unknown god.
  2536 | D:3      | Reached XP level 6. HP: 28/38 MP: 6/6
  2881 | D:4      | Noticed an ogre
  2892 | D:4      | Killed an ogre
  2893 | D:4      | Reached skill level 7 in Stealth
  3180 | D:4      | Found a sparkling altar of Nemelex Xobeh.
  3184 | D:4      | Found a basalt altar of Yredelemnul.
  3184 | D:4      | Found an opulent altar of Gozag.
  3189 | D:4      | Found a runed translucent gate.
  3190 | D:4      | Found a runed translucent gate.
  3191 | D:4      | Found a runed translucent gate.
  3200 | D:4      | Found an ancient bone altar of Kikubaaqudgha.
  3205 | D:4      | Noticed an ogre
  3212 | D:4      | Killed an ogre
  3213 | D:4      | Reached skill level 5 in Short Blades
  3213 | D:4      | Reached XP level 7. HP: 44/44 MP: 7/7
  3409 | D:4      | Noticed Pikel
  3689 | D:5      | Entered Level 5 of the Dungeon
  3722 | D:5      | Noticed a water moccasin
  3726 | D:5      | Killed a water moccasin
  3848 | D:5      | Found a staircase to the Ecumenical Temple.
  3861 | Temple   | Entered the Ecumenical Temple
  3897 | Temple   | Became a worshipper of Hepliaklqana the Forgotten
  4638 | D:5      | Reached * piety under Hepliaklqana
  4808 | D:5      | Succumbed to a gnoll sergeant's poison

Illustrated notes

Levels and vault maps discovered:
D:1:      dpeg_arrival_erosion, layout_basic, minmay_misc_feat_hallway
D:2:      layout_rooms
D:3:      layout_basic, chequers_ecumenical_altar_island
D:4:      layout_gridville, mainiacjoe_overflow_tiny_flanked,
          grunt_temple_overflow_open, ebering_ghost_rock_garden,
          minmay_strange_pillars, minmay_lizard_king, uniq_pikel
D:5:      layout_layer_cave, minmay_temple_entry_waves, lightli_minifort
Temple:   jpeg_temple_clearing

Skill      XL: |  1  2  3  4  5  6 |
---------------+-------------------+-----
Short Blades   | 3 4 5 |  5.8
Dodging        | 2 3 4 |  4.8
Stealth        | 6 7 |  7.9
Fighting       | 3 4 |  4.8
Throwing       | |  2.1

Action                     |  1- 3 |  4- 6 |  7- 9 || total
---------------------------+-------+-------+-------++-------
  Melee: Dagger            |    85 |   110 |    85 ||   280
         Punch             |       |       |     2 ||     2
    Use: Potion            |       |       |     2 ||     2
   Stab: Sleeping          |    14 |    12 |     3 ||    29
         Distracted        |       |     1 |       ||     1
 Armour: Robe              |    14 |    12 |    12 ||    38
  Dodge: Dodged            |    40 |    56 |    66 ||   162

Table legend: (Time is in decaauts)
 A = Elapsed time spent in this place.
 B = Non-inter-level travel time spent in this place.
 C = Inter-level travel time spent in this place.
 D = Time resting spent in this place.
 E = Time spent auto-exploring this place.
 F = Levels seen in this place.
 G = Mean time per level.
                   A        B        C        D        E       F      G
               +--------+--------+--------+--------+--------+-----+--------+
         Total |   4761 |   4675 |     86 |    408 |   3619 |   6 |  793.5 |
       Dungeon |   4711 |   4639 |     72 |    408 |   3593 |   5 |  942.2 |
        Temple |     50 |     36 |     14 |      0 |     26 |   1 |   50.0 |
               +--------+--------+--------+--------+--------+-----+--------+

Top non-repeatable levels by time:
     D:3: 1324 daAuts
     D:5: 1059 daAuts
     D:4: 1046 daAuts
     D:2: 693 daAuts
     D:1: 586 daAuts
  Temple: 50 daAuts
